 Dungeon Crawl Stone Soup version 0.27-a0-59-gfbafd837a3 (webtiles) character file.

Game seed: 8406662637421293547

481 Borgoz the Slasher (level 6, -4/78 HPs)
             Began as a Draconian Gladiator on Jan 8, 2021.
             Killed by divine providence
             ... invoked by an orc priest
              (12 damage)
             ... on level 5 of the Dungeon.
             The game lasted 00:05:34 (4462 turns).

Borgoz the Slasher (Draconian Gladiator)            Turns: 4462, Time: 00:05:35

Health: -4/78      AC: 23    Str: 17    XL:     6   Next: 87%
Magic:  6/6        EV:  2    Int:  8    God:
Gold:   142        SH:  0    Dex: 14    Spells: 5/5 levels left

rFire    . . .     SeeInvis .   a - +1 long sword
rCold    . . .     Faith    .   (no shield)
rNeg     + + +     Spirit   .   (armour unavailable)
rPois    +         Reflect  .   (helmet currently unavailable)
rElec    .         Harm     .   (cloak currently unavailable)
rCorr    .         Rampage  .   (gloves currently unavailable)
Will     .....     NoTele   +   (boots currently unavailable)
Stlth    +.........             n - amulet of inaccuracy (curse)
HPRegen  0.23/turn              (no ring)
MPRegen  0.10/turn              (no ring)

@: tree-form, slowed, very slow
A: unfitting armour, AC +6
a: no special abilities


You were on level 5 of the Dungeon.
You were a tree.
You visited 1 branch of the dungeon, and saw 5 of its levels.

You collected 163 gold pieces.
You spent 21 gold pieces at shops.

Inventory:

Hand Weapons
 a - a +1 long sword (weapon)
Missiles
 c - 3 throwing nets (quivered)
Armour
 b - a +1 hat (melded)
Jewellery
 l - an uncursed amulet of guardian spirit {unknown}
 n - a cursed amulet of inaccuracy (around neck)
Wands
 d - a wand of enslavement (2)
Scrolls
 i - 2 scrolls of teleportation
 m - 4 scrolls of remove curse
 p - a scroll of magic mapping
Potions
 f - a potion of resistance
 g - a potion of invisibility
 j - a potion of brilliance {unknown}
 q - a potion of mutation


   Skills:
 + Level 4.0 Fighting
 * Level 5.4 Long Blades
 - Level 1.7 Throwing
 * Level 5.0 Dodging


You had 5 spell levels left.
You didn't know any spells.
Your spell library contained the following spells:

 Spells                   Type           Power        Failure   Level
 Animate Skeleton         Necr           0%           41%         1
 Apportation              Tloc           0%           41%         1
 Corona                   Hex            0%           41%         1
 Magic Dart               Conj           0%           41%         1
 Summon Small Mammal      Summ           0%           41%         1
 Searing Ray              Conj           0%           54%         2
 Dazzling Flash           Conj/Hex       0%           78%         3
 Fulminant Prism          Conj/Hex       0%           99%         4
 Iskenderun's Mystic Bla  Conj/Tloc      0%           99%         4


Dungeon Overview and Level Annotations

Branches:
Dungeon (5/15)
 Temple: D:4-7

Altars:
Uskayaw

Shops:
D:4 *


Innate Abilities, Weirdness & Mutations

((Your plain brown scales are hard. (AC +6)))
You cannot fit into any form of body armour.
((You are cold-blooded and may be slowed by cold attacks.))


Message History

You closely miss the orc priest.
Your tail-slap misses the orc priest.
You feel less confused. Something hits you but does no damage.
The ice beast barely misses you.
You riposte.
You closely miss the ice beast. You tail-slap the ice beast.
The ice beast is lightly wounded.
The orc priest barely misses you.
You riposte.
You barely miss the orc priest. Something hits you but does no damage.
The ice beast closely misses you.
The orc priest hits you with a +1 trident of freezing.
* * * LOW HITPOINT WARNING * * *
You feel as though you will be slow longer.
The orc priest freezes you.
* * * LOW HITPOINT WARNING * * *
Really quaff the potion of lignification?
You turn into a tree.
Your +1 hat melds into your body.
Your roots penetrate the ground.
Something hits you.
* * * LOW HITPOINT WARNING * * *
The ice beast hits you but does no damage.
The orc priest mumbles some strange prayers to Beogh against you.
Beogh smites you!
You die...

#.. #.# ... ###
#.#######.. ...##
#.#........ #
.....#####.#.#####+###..
.....+..?...............
.....###......###o..##
.....###........♣{o..#
....>..........##Y......
......##.#+#+#.# .......
......##.# ......#?...
......##.# ?#+##### ...
###.#.##.# #. ..
....#+##.# # .
.........# .........+


You could see an ice beast and 2 orc priests.

Vanquished Creatures
  A howler monkey (D:4)
  An orc priest (D:4)
  A hound (D:5)
  4 orc wizards
  A centaur skeleton (D:4)
  A worker ant (D:3)
  7 adders
  3 gnolls (D:3)
  A shadow imp (D:5)
  A worm (D:2)
  6 dart slugs
  A leopard gecko (D:1)
  16 orcs
  2 ball pythons (D:2)
  3 giant cockroaches
  9 goblins
  5 hobgoblins
  7 jackals
  A quokka (D:4)
  5 bats
  4 frilled lizards
  10 kobolds
  4 rats
94 creatures vanquished.

Vanquished Creatures (others)
  2 orc wizards (D:4)
2 creatures vanquished.

Grand Total: 96 creatures vanquished

Notes
Turn   | Place    | Note
-------+----------+-------------------------------------------
     0 | D:1      | Borgoz the Draconian Gladiator began the quest for the Orb.
     0 | D:1      | Reached XP level 1. HP: 17/17 MP: 1/1
    71 | D:1      | Reached XP level 2. HP: 23/25 MP: 2/2
   460 | D:1      | Reached XP level 3. HP: 30/30 MP: 3/3
  1067 | D:2      | Found a faded altar of an unknown god.
  1560 | D:3      | Reached XP level 4. HP: 31/37 MP: 4/4
  1953 | D:3      | Reached XP level 5. HP: 32/45 MP: 5/5
  2888 | D:4      | HP: 1/45 [orc wizard/magic dart (10)]
  3072 | D:4      | Reached XP level 6. HP: 50/51 MP: 6/6
  3171 | D:4      | Reached skill level 5 in Long Blades
  3352 | D:4      | Found a hide-covered altar of Uskayaw.
  3375 | D:4      | Found Zufuroz's Assorted Antiques.
  3379 | D:4      | Bought a fuming grey potion for 21 gold pieces
  3516 | D:4      | HP: 1/52 [something (4)]
  3980 | D:5      | Entered Level 5 of the Dungeon
  4453 | D:5      | Noticed an ice beast
  4454 | D:5      | Reached skill level 5 in Dodging
  4462 | D:5      | Killed from afar by an orc priest

Illustrated notes

Levels and vault maps discovered:
D:1:      nicolae_arrival_memento_mori, layout_basic
D:2:      layout_basic, chequers_ecumenical_altar_simple, roderic_lattice_a
D:3:      layout_basic
D:4:      layout_rooms, lemuel_doored_altar, serial_shops,
          nicolae_shop_overgrown_old_shop
D:5:      layout_basic, kennysheep_mini_moat, grunt_gozag_statues

Skill      XL: |  1  2  3  4  5  6 |
---------------+-------------------+-----
Dodging        | 3 4 5 |  5.0
Fighting       | 3 4 |  4.0
Long Blades    | 4 5 |  5.4
Throwing       | |  1.7

Action                   |  1- 3 |  4- 6 || total
-------------------------+-------+-------++-------
Melee: Long sword        |    84 |   243 ||   327
       Tailslap          |    12 |    37 ||    49
  Use: Scroll            |     8 |     5 ||    13
       Potion            |       |     9 ||     9
 Stab: Sleeping          |     3 |       ||     3
Armor: Skin              |    21 |   105 ||   126
Dodge: Dodged            |    65 |   246 ||   311
       Rpst.: Long sword |    20 |    66 ||    86

Table legend: (Time is in decaauts)
 A = Elapsed time spent in this place.
 B = Non-inter-level travel time spent in this place.
 C = Inter-level travel time spent in this place.
 D = Time resting spent in this place.
 E = Time spent auto-exploring this place.
 F = Levels seen in this place.
 G = Mean time per level.
                   A        B        C        D        E       F      G
               +--------+--------+--------+--------+--------+-----+--------+
         Total |   4529 |   4383 |    146 |   1259 |   2366 |   5 |  905.8 |
       Dungeon |   4529 |   4383 |    146 |   1259 |   2366 |   5 |  905.8 |
               +--------+--------+--------+--------+--------+-----+--------+

Top non-repeatable levels by time:
     D:3: 1512 daAuts
     D:4: 1034 daAuts
     D:2: 926 daAuts
     D:1: 565 daAuts
     D:5: 490 daAuts
